AoeStats
← E-d-d-i-e91G

Nomad

506793349Analyzed
3v3 RM · 19d ago on Sep 15, 2026· 138m 9s· 6 players
Game mode
Random Map
Map size
210×210
Population
200
Speed
Normal
Resources
Standard
Victory
Conquest
Starting age
Dark Age
Ending age
Imperial Age
RankedLock teamsTeams togetherTeam positionsShared explorationLock speedFull tech treeHidden civsTurbo modeCheats
Victory
Defeat
797
+18
🇵🇪 Burgundians · Peru
551
+21
🇵🇪 Britons · Peru
551
+21
🇦🇺 Spanish · Australia
489
-14
🇳🇴 Turks · Norway
484
-10
🇦🇺 Goths · Australia
481
-11
E-d-d-i-e91G
19:50 Feudal Age
23:01 Wheelbarrow
22:13 Town Watch
24:53 Scale Barding Armor
24:45 Horse Collar
29:42 Double-Bit Axe
29:56 Gold Mining
29:57 Stone Mining
30:23 Forging
35:16 Fishing Lines
42:23 Castle Age
43:18 Caravan
44:30 Medium Warships
44:25 Gillnets
45:12 Medium Warships
46:51 Hand Cart
46:38 Town Patrol
48:56 Bow Saw
49:26 Stone Shaft Mining
49:00 Heavy Plow
55:28 Imperial Age
67:30 Chain Barding Armor
71:39 Two-Man Saw
73:22 Elite Conquistador
77:27 Coinage
77:12 Thumb Ring
76:41 Heavy Cavalry Archer
79:19 Ballistics
79:16 Clinker Construction
85:52 Hoardings
89:51 Banking
89:39 Guilds
95:17 Padded Archer Armor
95:54 Plate Barding Armor
97:59 Chemistry
97:23 Carvel Hull
97:19 Careening
97:34 Shipwright
100:58 Leather Archer Armor
101:20 Iron Casting
112:01 Heavy Warships
111:29 Elite Cannon Galleon
Varg_1960
5:42 Loom
16:17 Feudal Age
17:35 Man-at-Arms
18:46 Bloodlines
20:46 Double-Bit Axe
23:55 Horse Collar
24:35 Padded Archer Armor
29:13 Forging
29:10 Scale Barding Armor
31:26 Castle Age
32:17 Husbandry
32:23 Squires
31:46 Long Swordsman
33:38 Gold Mining
33:42 Stone Mining
34:14 Leather Archer Armor
39:47 Imperial Age
37:58 Scale Mail Armor
39:18 Town Watch
40:10 Heavy Plow
40:57 Two-Handed Swordsman
42:44 Conscription
43:32 Elite Janissary
54:56 Wheelbarrow
54:49 Bow Saw
55:35 Gold Shaft Mining
55:07 Town Patrol
67:49 Hand Cart
69:46 Iron Casting
80:14 Chain Mail Armor
81:02 Blast Furnace
80:24 Chain Barding Armor
IAMASTROMAN9714
17:26 Feudal Age
18:09 Double-Bit Axe
19:59 Horse Collar
27:29 Wheelbarrow
26:47 Fishing Lines
27:44 Gold Mining
27:41 Man-at-Arms
30:01 Forging
29:52 Scale Mail Armor
33:33 Castle Age
34:28 Gillnets
34:52 Crossbowman
36:29 Medium Warships
37:10 Long Swordsman
39:49 Bow Saw
39:58 Caravan
45:41 Imperial Age
43:21 Anarchy
47:12 Elite Huskarl
50:02 Two-Handed Swordsman
51:25 Perfusion
55:09 Chemistry
54:08 Fletching
57:10 Heavy Warships
57:35 Heavy Plow
58:15 Iron Casting
57:56 Chain Mail Armor
57:38 Bodkin Arrow
57:43 Padded Archer Armor
58:08 Clinker Construction
59:23 Champion
Luigi
16:10 Feudal Age
15:15 Loom
21:01 Wheelbarrow
20:13 Double-Bit Axe
20:22 Horse Collar
28:57 Castle Age
29:02 Padded Archer Armor
28:53 Fletching
29:04 Scale Mail Armor
29:09 Scale Barding Armor
29:16 Forging
30:33 Hand Cart
31:45 Fishing Lines
31:38 Pikeman
33:14 Gillnets
34:37 Squires
34:24 Gambesons
34:26 Arson
42:40 Yeomen
48:57 Imperial Age
50:11 Iron Casting
49:32 Bodkin Arrow
49:53 Chain Mail Armor
49:59 Chain Barding Armor
49:54 Leather Archer Armor
52:59 Elite Longbowman
54:25 Conscription
58:31 Halberdier
66:43 Warwolf
69:14 Chemistry
68:40 Ballistics
68:52 Ballistics
68:18 Treadmill Crane
68:40 Heated Shot
69:27 Ring Archer Armor
77:46 Plate Barding Armor
77:41 Plate Mail Armor
77:13 Bracer
78:17 Blast Furnace
122:39 Plate Barding Armor
125:12 Demolition Ship
126:02 Medium Warships
126:15 Siphons
126:30 Shipwright
126:22 Clinker Construction
126:23 Careening
128:59 Heavy Demolition Ship
130:04 Heavy Warships
132:23 Sappers
133:29 Hoardings
133:20 Dry Dock
133:20 Carvel Hull
132:47 Arrowslits
132:52 Guard Tower
133:13 Fortified Wall
132:58 Murder Holes
133:09 Siege Engineers
133:15 Masonry
139:11 Keep
138:30 Town Watch
138:10 Spies/Treason
Thyndr
8:36 Horse Collar
12:46 Wheelbarrow
13:53 Loom
17:19 Feudal Age
22:31 Town Watch
25:32 Double-Bit Axe
26:41 Bow Saw
26:36 Heavy Plow
29:45 Hand Cart
38:55 Castle Age
37:14 Forging
37:04 Scale Mail Armor
37:09 Scale Barding Armor
37:05 Padded Archer Armor
36:56 Fletching
38:11 Gold Mining
38:11 Stone Mining
39:06 Light Cavalry
39:14 Elite Skirmisher
40:58 Two-Man Saw
40:15 Pikeman
40:56 Squires
44:29 Gold Shaft Mining
44:29 Stone Shaft Mining
44:40 Cavalier
45:20 Husbandry
48:17 Imperial Age
51:17 Demolition Ship
54:05 Iron Casting
53:46 Chain Mail Armor
53:51 Chain Barding Armor
53:58 Leather Archer Armor
53:39 Bodkin Arrow
56:31 Paladin
59:23 Iron Casting
59:04 Chain Mail Armor
59:09 Chain Barding Armor
59:05 Leather Archer Armor
58:45 Bodkin Arrow
58:43 Hussar
102:45 Blast Furnace
102:15 Plate Mail Armor
102:21 Plate Barding Armor
101:46 Bracer
114:04 Elite Coustillier
136:51 Medium Warships
136:22 Fishing Lines
Santiago, el jugador de dota
17:46 Feudal Age
18:03 Horse Collar
18:12 Double-Bit Axe
19:06 Wheelbarrow
18:58 Fishing Lines
20:35 Gold Mining
22:48 Town Watch
29:06 Castle Age
30:11 Gold Shaft Mining
29:26 Stone Mining
32:44 Hand Cart
33:13 Stone Shaft Mining
32:44 Heavy Plow
33:00 Bow Saw
36:14 Loom
37:36 Gillnets
37:25 Demolition Ship
38:07 Elite Skirmisher
38:15 Pikeman
38:57 Squires
38:44 Gambesons
39:54 Bloodlines
40:19 Crossbowman
42:15 Medium Warships
42:50 Husbandry
42:12 Light Cavalry
45:32 Thumb Ring
45:55 Thumb Ring
45:43 Arson
47:29 Kamandaran
48:19 Parthian Tactics
49:44 Husbandry
50:09 Scale Barding Armor
50:05 Scale Mail Armor
50:15 Forging
49:55 Fletching
50:07 Padded Archer Armor
55:10 Imperial Age
53:05 Guard Tower
53:39 Ballistics
55:35 Heavy Camel Rider
58:47 Town Patrol
59:25 Heavy Cavalry Archer
65:14 Elite War Elephant
65:22 Elite War Elephant
66:18 Citadels
67:14 Two-Man Saw
69:15 Crop Rotation
70:56 Chemistry
75:57 Cavalier
76:53 Light Cavalry
112:53 Halberdier
119:01 Elite Cannon Galleon
120:06 Heavy Warships
119:05 Heavy Demolition Ship
130:45 Clinker Construction
130:46 Careening
130:43 Siphons
Connection lost

Rejoining the realm…

Still unreachable

The connection could not be restored.

Session expired

The server has moved on; the page needs a fresh start.